 Dungeon Crawl Stone Soup version 0.25-a0-253-g6f1b5d974a (webtiles) character file.

Game seed: 8251176364829209080, levelgen mode: deterministic

52 MisterFreud the Shield-Bearer (level 3, 0/35 HPs)
             Began as a Gnoll Fighter on Dec 5, 2019.
             Slain by a gnoll
             ... wielding a +0 halberd
              (1 damage)
             ... on level 2 of the Dungeon.
             The game lasted 00:01:27 (828 turns).

MisterFreud the Shield-Bearer (Gnoll Fighter)        Turns: 828, Time: 00:01:27

Health: 0/35       AC:  7    Str: 18    XL:     3   Next: 85%
Magic:  4/4        EV:  8    Int: 11    God:
Gold:   58         SH: 10    Dex: 14    Spells: 3/3 levels left

rFire    . . .     SeeInvis .   a - +0 long sword
rCold    . . .     Gourm    .   c - +0 shield
rNeg     . . .     Faith    .   b - +0 scale mail
rPois    .         Spirit   .   (no helmet)
rElec    .         Reflect  .   (no cloak)
rCorr    .         Harm     .   (no gloves)
MR       .....                  (no boots)
Stlth    ..........             (no amulet)
HPRegen  0.11/turn              (no ring)
MPRegen  0.09/turn              (no ring)

@: no status effects
A: distributed training, fangs 1, strong nose
a: no special abilities


You were on level 2 of the Dungeon.
You were not hungry.

You visited 1 branch of the dungeon, and saw 2 of its levels.

You collected 58 gold pieces.

Inventory:

Hand Weapons
 a - a +0 long sword (weapon)
Missiles
 g - 30 stones (quivered)
 l - 18 bolts
Armour
 b - a +0 scale mail (worn)
 c - a +0 shield (worn)
 e - a +0 hat
Scrolls
 h - a scroll of teleportation {unknown}
 j - a scroll of remove curse {unknown}
 k - a scroll of enchant armour {unknown}
 m - 2 scrolls of blinking {unknown}
 n - a scroll of identify {unknown}
 p - a scroll of noise {unknown}
Potions
 d - a potion of might
 o - 2 potions of lignification {unknown}
Comestibles
 f - 7 rations
 i - 8 chunks of flesh


   Skills:
 + Level 6.5 Fighting
 + Level 0.9 Short Blades
 + Level 4.5 Long Blades
 + Level 0.9 Axes
 + Level 0.9 Maces & Flails
 + Level 0.9 Polearms
 + Level 0.9 Staves
 + Level 0.9 Slings
 + Level 0.9 Bows
 + Level 0.9 Crossbows
 + Level 0.9 Throwing
 + Level 6.5 Armour
 + Level 0.9 Dodging
 + Level 0.9 Stealth
 + Level 6.5 Shields
 + Level 0.9 Unarmed Combat
 + Level 0.9 Spellcasting
 + Level 0.6 Conjurations
 + Level 0.6 Hexes
 + Level 0.6 Charms
 + Level 0.6 Summonings
 + Level 0.6 Necromancy
 + Level 0.6 Translocations
 + Level 0.6 Transmutations
 + Level 0.6 Fire Magic
 + Level 0.6 Ice Magic
 + Level 0.6 Air Magic
 + Level 0.6 Earth Magic
 + Level 0.6 Poison Magic
 + Level 1.0 Invocations
 + Level 0.9 Evocations


You had 3 spell levels left.
You didn't know any spells.
Your spell library was empty.

Dungeon Overview and Level Annotations

Branches:
Dungeon (2/15)

Altars:


Innate Abilities, Weirdness & Mutations

Your experience applies equally to all skills.
You have very sharp teeth.
Your uncanny sense of smell can sniff out nearby items.


Message History

You block the gnoll's attack.
You closely miss the gnoll.
The frilled lizard hisses angrily.
The frilled lizard unfolds its giant frill.
The gnoll hits you from afar with a +0 halberd.
The gnoll barely misses you.
You riposte.
You hit the gnoll.
The gnoll is moderately wounded.
You hit the gnoll.
The gnoll is heavily wounded.
You block the gnoll's attack. The gnoll hits you with a +0 halberd.
You hit the gnoll. You bite the gnoll, but do no damage.
The gnoll is severely wounded.
The gnoll hits you from afar with a +0 halberd!
* * * LOW HITPOINT WARNING * * *
The gnoll hits you with a +0 halberd!
* * * LOW HITPOINT WARNING * * *
Your shield and scale mail prevent you from hitting the gnoll.
The gnoll is severely wounded.
The gnoll hits you from afar with a +0 halberd.
You die...

#.# ∆ ..##$. #.# #.##..#
###########.### #.##..#
#...gr.r..g.... #.##..#
#h#########)h## #.##.!#
#.# ##h# #.##..# ##.##
###$## #.##..###r..#####
#.r...
#<##...@gg......###.#.##
#.###.###l..#...h..<....
#.###.# ##.##.#.###.###.
#.#.##.# #.##.#†# #.# .
#.###.÷#.# #.##.#.# #.#
g #.# ##.##....##.#.#
#.###[ ## ..# ####
#.#.###...^. .##.
#.#.....###. .# .#
#....(......


You could see 2 gnolls, a frilled lizard and a rat.

Vanquished Creatures
  An adder (D:2)
  A gnoll (D:2)
  2 leopard geckos
  3 giant cockroaches (D:1)
  5 goblins (D:1)
  3 hobgoblins
  5 jackals (D:2)
  4 bats
  2 frilled lizards (D:1)
  2 kobolds (D:1)
  2 rats (D:1)
30 creatures vanquished.

Notes
Turn   | Place    | Note
-------+----------+-------------------------------------------
     0 | D:1      | MisterFreud the Gnoll Fighter began the quest for the Orb.
     0 | D:1      | Reached XP level 1. HP: 23/23 MP: 1/1
   131 | D:1      | Reached XP level 2. HP: 24/29 MP: 2/2
   152 | D:1      | You fall into a shaft and drop 1 floor!
   191 | D:2      | HP: 1/29 [gnoll/+4 flail (5)]
   193 | D:2      | Reached XP level 3. HP: 12/35 MP: 3/3
   702 | D:1      | Reached skill level 1 in Invocations
   827 | D:2      | HP: 1/35 [gnoll/+0 halberd (9)]
   828 | D:2      | Slain by a gnoll

Levels and vault maps discovered:
D:1:      lightli_arrival_maybe_door_vault, layout_rooms
D:2:      layout_loops_ring, first_ration

Skill      XL: |  1  2  3 |
---------------+----------+-----
Invocations    | 1 |  1.0
Fighting       | |  6.5
Short Blades   | |  0.9
Long Blades    | |  4.5
Axes           | |  0.9
Maces & Flails | |  0.9
Polearms       | |  0.9
Staves         | |  0.9
Slings         | |  0.9
Bows           | |  0.9
Crossbows      | |  0.9
Throwing       | |  0.9
Armour         | |  6.5
Dodging        | |  0.9
Stealth        | |  0.9
Shields        | |  6.5
Unarmed Combat | |  0.9
Spellcasting   | |  0.9
Conjurations   | |  0.6
Hexes          | |  0.6
Charms         | |  0.6
Summonings     | |  0.6
Necromancy     | |  0.6
Translocations | |  0.6
Transmutations | |  0.6
Fire Magic     | |  0.6
Ice Magic      | |  0.6
Air Magic      | |  0.6
Earth Magic    | |  0.6
Poison Magic   | |  0.6
Evocations     | |  0.9

Action                   || total
-------------------------++-------
Melee: Long sword        ||    62
       Bite              ||     6
  Use: Potion            ||     1
Armor: Scale mail        ||    24
Dodge: Dodged            ||    34
Block: Shield            ||    46
       Rpst.: Long sword ||    12

Table legend:
 A = Non-vault XP
 B = Vault XP
 C = Vault XP percentage of total XP
 D = Non-vault monster count
 E = Vault monster count
 F = Vault count percentage of total count
                 A         B        C        D         E       F
            +---------+---------+-------+---------+---------+-------
      Total |      75 |       0 |   0.0 |      30 |       0 |   0.0
            +---------+---------+-------+---------+---------+-------
        D:1 |      32 |       0 |   0.0 |      20 |       0 |   0.0
        D:2 |      43 |       0 |   0.0 |      10 |       0 |   0.0
            +---------+---------+-------+---------+---------+-------
